 Dungeon Crawl Stone Soup version 0.31.0-32-g396128a36d (webtiles) character file.

Game seed: 4835581789256621224

67 wingedge the Digger (level 3, -3/28 HPs)
             Began as a Demigod Earth Elementalist on Mar 19, 2024.
             Slain by Sigmund
             ... wielding a +0 scythe
              (12 damage)
             ... on level 3 of the Dungeon.
             The game lasted 00:12:44 (1823 turns).

wingedge the Digger (Demigod Earth Elementalist)    Turns: 1823, Time: 00:12:45

Health: -3/28      AC:  2    Str:  9    XL:     3   Next: 72%
Magic:  0/8        EV: 12    Int: 21    God:
Gold:   179        SH:  0    Dex: 14    Spells: 5/6 levels left

rFire   . . .        a - +2 whip (distort)
rCold   . . .        (no shield)
rNeg    . . .        c - +0 robe
rPois   .            (no helmet)
rElec   .            (no cloak)
rCorr   .            (no gloves)
SInv    .            (no boots)
Will    +....        (no amulet)
Stlth   ++           w - ring of willpower
HPRegen 0.24/turn    z - ring of wizardry
MPRegen 0.11/turn

%: wizardry (x1)
@: no status effects
A: high MP 1, forlorn, divine attributes
a: no special abilities


You were on level 3 of the Dungeon.
You visited 1 branch of the dungeon, and saw 3 of its levels.

You collected 179 gold pieces.

Inventory:

Hand Weapons
 a - a +2 whip of distortion (weapon)
Missiles
 j - 2 boomerangs
Armour
 c - a +0 robe (worn)
 d - a +0 leather armour
Jewellery
 w - a ring of willpower (left hand)
 z - a ring of wizardry (right hand)
Scrolls
 e - 3 scrolls of identify {unknown}
 f - a scroll of amnesia {unknown}
 g - 2 scrolls of poison {unknown}
 k - a scroll of teleportation {unknown}
Potions
 b - a potion of magic
 h - a potion of cancellation {unknown}
 i - a potion of might {unknown}
 l - a potion of berserk rage {unknown}


   Skills:
 + Level 1.0 Fighting
 + Level 1.3 Maces & Flails
 - Level 2.0 Dodging
 - Level 2.0 Stealth
 - Level 2.0 Spellcasting
 + Level 1.5 Conjurations
 - Level 3.2 Earth Magic


You had 5 spell levels left.
You knew the following spells:

 Your Spells              Type           Power      Damage    Failure   Level
a - Sandblast             Erth           30%        2d9       1%          1

Your spell library contained the following spells:

 Spells                   Type           Power      Damage    Failure   Level
 Passwall                 Erth           15%        N/A       4%          3
 Stone Arrow              Conj/Erth      24%        3d8       7%          3
 Summon Ice Beast         Ice/Summ       2%         N/A       17%         3
 Brom's Barrelling Bould  Conj/Erth      12%        2d4       22%         4
 Petrify                  Alch/Erth      8%         N/A       28%         4
 Summon Mana Viper        Hex/Summ       2%         N/A       82%         5
 Monstrous Menagerie      Summ           1%         N/A       100%        7


Dungeon Overview and Level Annotations

Branches:
Dungeon (3/15)

Shops:
D:3 [

Annotations:
D:3 Sigmund


Innate Abilities, Weirdness & Mutations

You have an increased reservoir of magic. (+10% MP)
You shall have no god before yourself.
Your divine heritage dramatically boosts your attributes as you level up.


Message History

Okay, then.
Press: ? - help, v - describe, . - travel The floor.
Casting: Sandblast (safe; 1% risk of failure)
Confirm with . or Enter, or press ? or * to list all spells.
Aiming: Sandblast (safe; 1% risk of failure)
Press: ? - help, Shift-Dir - straight line The blast of sand hits something.
Casting: Sandblast (safe; 1% risk of failure)
Confirm with . or Enter, or press ? or * to list all spells.
Aiming: Sandblast (safe; 1% risk of failure)
Press: ? - help, Shift-Dir - straight line The blast of sand hits something.
Something hits you!
Casting: Sandblast (safe; 1% risk of failure)
Confirm with . or Enter, or press ? or * to list all spells.
Aiming: Sandblast (safe; 1% risk of failure)
Press: ? - help, Shift-Dir - straight line The blast of sand hits something.
Something barely misses you.
Casting: Sandblast (safe; 1% risk of failure)
Confirm with . or Enter, or press ? or * to list all spells.
Aiming: Sandblast (safe; 1% risk of failure)
Press: ? - help, Shift-Dir - straight line Something completely misses you.
Casting: Sandblast (safe; 1% risk of failure)
Confirm with . or Enter, or press ? or * to list all spells.
Aiming: Sandblast (safe; 1% risk of failure)
Press: ? - help, Shift-Dir - straight line The blast of sand hits something but does no damage.
Something hits you.
Casting: Sandblast (safe; 1% risk of failure)
Confirm with . or Enter, or press ? or * to list all spells.
Aiming: Sandblast (safe; 1% risk of failure)
Press: ? - help, Shift-Dir - straight line The blast of sand hits something!
Something hits you.
Casting: Sandblast (safe; 1% risk of failure)
Confirm with . or Enter, or press ? or * to list all spells.
Aiming: Sandblast (safe; 1% risk of failure)
Press: ? - help, Shift-Dir - straight line Something hits you!
You die...

#.#.........#'## #.##...#
##.....####.# #.##...#
.....###.# #.# #.##...#
#.#..###.####.##### #......#
#<.....>.)........#######.##
###..###.##........## #
#.###........# ..#
##.#...... #### #@# ....#
#.# ..## #{# ## #.# #.# #.#
#.# #.#


There were no monsters in sight!

Vanquished Creatures
  3 adders
  2 bats (D:3)
  2 endoplasms (D:2)
  A hobgoblin (D:3)
  12 jackals
  3 kobolds
  6 ball pythons
  3 frilled lizards (D:1)
  3 goblins
35 creatures vanquished.

Notes
Turn   | Place    | Note
-------+----------+-------------------------------------------
     0 | D:1      | wingedge the Demigod Earth Elementalist began the quest for
                  | the Orb.
     0 | D:1      | Reached XP level 1. HP: 14/14 MP: 5/5
   103 | D:1      | Reached skill level 3 in Earth Magic
   530 | D:1      | Reached XP level 2. HP: 20/20 MP: 4/7
   594 | D:1      | Reached skill level 1 in Conjurations
  1271 | D:2      | Reached XP level 3. HP: 23/26 MP: 4/8
  1377 | D:2      | Reached skill level 1 in Maces & Flails
  1510 | D:3      | Found Niybiose's Armour Shoppe.
  1813 | D:3      | Noticed Sigmund
  1816 | D:3      | Reached skill level 1 in Fighting
  1823 | D:3      | Slain by Sigmund

Illustrated notes

Levels and vault maps discovered:
D:1:      ebering_hopf_link, layout_basic
D:2:      layout_loops_ring, shapermc_ecumenical_altar_hornbeckon
D:3:      layout_loops_corners, serial_shops, shop, uniq_sigmund

Skill      XL: |  1  2  3 |
---------------+----------+-----
Earth Magic    | 3 |  3.2
Conjurations   | 1 |  1.5
Dodging        | 2 |  2.0
Stealth        | 2 |  2.0
Spellcasting   | 2 |  2.0
Maces & Flails | 1 |  1.3
Fighting       | 1 |  1.0

Action                     || total
---------------------------++-------
  Melee: Whip              ||    33
   Cast: Sandblast         ||    46
 Armour: Robe              ||    26
  Dodge: Dodged            ||    34
